Cogmind - Beta 14 @@@ ROGUE MODE // 2024.12.07 @ 22:48:59 Player: SH-pl7 Result: Destroyed by X3-OGY(R) with Subdweller Laser Performance ------------- Evolutions (0) 0 Regions Visited (2) 400 Robots Destroyed (17) 85 Value Destroyed (580) 580 Prototype IDs (12) 240 Alien Tech Used (0) 0 Bonus (0) 0 TOTAL SCORE: 1305 Bonus ------- None Cogmind --------- Core Integrity 0/250 Matter 263/300 Energy 250/250 System Corruption 0% Temperature Cool (6) Movement Treading (160) Location -10/Subcaves Parts ------- > --- POWER (1) -------- Ion Engine > --- PROPULSION (2) --- Light Treads Aluminum Leg > --- UTILITY (2) ------ Small Storage Unit Improved Targeting Computer > --- WEAPON (2) ------- Battle Cannon Rocket Launcher > --- INVENTORY (8) ---- Subdweller Power Source Light Nuclear Core Cargo Legs Subdweller Monowheel Seismic Detector Improved Assault Rifle Makeshift Sword Peak State ------------ > --- POWER ------------ Ion Engine > --- PROPULSION ------- Light Treads Wheel > --- UTILITY ---------- Small Storage Unit Improved Targeting Computer > --- WEAPON ----------- Improved Assault Rifle Improved Assault Rifle > --- INVENTORY -------- Light Nuclear Core Aluminum Leg Cargo Legs Seismic Detector Battle Cannon Rocket Launcher [Rating: 14] Favorites ----------- Power Ion Engine Engine Ion Engine Propulsion Light Treads Treads Light Treads Leg Aluminum Leg Wheel Wheel Utility Small Storage Unit Storage Small Storage Unit Processor Improved Targeting Computer Weapon Improved Assault Rifle Energy Gun Medium Laser Ballistic Gun Improved Assault Rifle Ballistic Cannon Battle Cannon Launcher Rocket Launcher Build | -11 -10 -10 ------- Run | Yrd Mat Sub Slots Evolved . | . . . Power . | . . . Propulsion . | . . . Utility . | . . . Weapon . | . . . Parts Attached 26 | 6 6 14 Power 3 | 1 2 . Engine 3 | 1 2 . Core . | . . . Reactor . | . . . Propulsion 5 | 2 . 3 Treads 3 | 2 . 1 Leg 1 | . . 1 Wheel 1 | . . 1 Hover . | . . . Flight . | . . . Utility 3 | 1 2 . Device . | . . . Storage 1 | 1 . . Processor 2 | . 2 . Hackware . | . . . Protection . | . . . Artifact . | . . . Weapon 15 | 2 2 11 Energy Gun 1 | 1 . . Energy Cannon . | . . . Ballistic Gun 8 | 1 2 5 Ballistic Cannon 5 | . . 5 Launcher 1 | . . 1 Special Weapon . | . . . Impact Weapon . | . . . Slashing Weapon . | . . . Piercing Weapon . | . . . Special Melee Weapon . | . . . Unidentified Prototypes 1 | . 1 . Parts Lost 5 | . . 5 Power . | . . . Propulsion 3 | . . 3 Utility . | . . . Weapon 2 | . . 2 Highest Loss Streak 1 | . . 1 To Critical Strikes . | . . . Average Slot Usage (%) 99 | . 99 99 Engine 14 | . 14 14 Treads 23 | . 28 20 Leg 3 | . . 5 Wheel 1 | . . 1 Storage 14 | . 14 14 Processor 13 | . 13 14 Ballistic Gun 24 | . 26 23 Ballistic Cannon 2 | . . 4 Peak Build Rating 14 | 7 13 14 Average Rating 12 | 4 12 13 On Entrance 6 | . 7 13 Naked Turns . | . . . Heaviest Build 16 | 13 16 16 Greatest Support 40 | 40 40 40 Greatest Overweight (x) . | . . . Average Overweight (x) . | . . . Largest Inventory Capacity 8 | 8 8 8 Average Capacity 7 | 7 8 8 Most Carried 8 | 8 8 8 Average Carried 7 | 4 7 7 Final Capacity 8 | 8 8 8 Final Carried 8 | 8 8 8 Class Distribution -------------------- 100% | Mutant Dominant Class ---------------- Mutant | -10/Materials Mutant | -10/Subcaves Resources | -11 -10 -10 ----------- Run | Yrd Mat Sub Matter Collected 889 | 224 265 400 Remotely . | . . . Salvage Created 651 | 36 265 350 Parts 38 | 7 14 17 Haulers Intercepted . | . . . Recyclers Shooed . | . . . Parts Field Recycled . | . . . Retrieved Matter . | . . . Parts Self-Destructed 12 | . . 12 Prevented . | . . . Kills | -11 -10 -10 ------- Run | Yrd Mat Sub Combat Hostiles Destroyed 14 | . 6 8 Guns 14 | . 6 8 Classes Destroyed 4 | 1 2 1 Tunneler 2 | 2 . . Watcher 1 | . 1 . Grunt 6 | . 6 . Subdweller 8 | . . 8 Best Kill Streak 2 | 2 2 1 Combat Bots Only 2 | . 2 1 Max Kills in Single Turn 1 | 1 1 1 Gunslinging . | . . . Exploded . | . . . Melee . | . . . Uniques/NPCs Destroyed . | . . . Combat | -11 -10 -10 -------- Run | Yrd Mat Sub Hostile Shots Fired 78 | . 35 43 Missed 15 | . 8 7 Damage Taken 1212 | . 347 865 Core 258 | . 39 219 Absorbed by Shields . | . . . Core Remaining (%) 100 | 100 . . Volleys Fired 85 | 3 28 54 Largest 2 | 2 2 2 Hottest 70 | 70 46 62 Shots Fired 146 | 6 56 84 Gun 115 | 6 56 53 Cannon 30 | . . 30 Launcher 1 | . . 1 Special . | . . . Kinetic 142 | 3 56 83 Thermal 3 | 3 . . Explosive 1 | . . 1 Electromagnetic . | . . . Robot Hit Streak 34 | 3 22 34 Robot Miss Streak 1 | 1 1 1 Penetration Max . | . . . Secondary Targets 2 | . 1 1 Max Gunslinging Chain 1 | . 1 1 Shots Hit Robots 103 | 3 46 54 Core Hits 32 | 3 13 16 Critical Kills . | . . . Critical Parts Destroyed . | . . . Critical Strikes 1 | . . 1 Blast 1 | . . 1 Melee Attacks . | . . . Impact . | . . . Slashing . | . . . Piercing . | . . . Sneak Attacks . | . . . Combat Hostiles . | . . . Follow-up Attacks . | . . . Damage Inflicted 1381 | 32 660 689 Guns 1259 | 32 660 567 Cannons 88 | . . 88 Explosions 34 | . . 34 Melee . | . . . Ramming . | . . . Kinetic 1323 | 8 660 655 Thermal 24 | 24 . . Explosive 34 | . . 34 Electromagnetic . | . . . Impact . | . . . Slashing . | . . . Piercing . | . . . Highest Corruption . | . . . Average Corruption . | . . . Corruption Purged . | . . . Corruption Blocked . | . . . Overload Shots . | . . . Overflow Damage . | . . . Projectiles . | . . . Explosions . | . . . Melee . | . . . Knockbacks . | . . . Impact . | . . . Kinetic . | . . . Secondary . | . . . Self-Inflicted Damage . | . . . Shots . | . . . Rammed . | . . . Targets Rammed . | . . . Kicked . | . . . Crushed . | . . . Highest Temperature 50 | 50 10 . Average Temperature 9 | 26 2 . Received Heat Transfer 420 | . 198 222 Siege Activations . | . . . Robots Corrupted . | . . . Combat Hostiles . | . . . Parts Fried . | . . . Impact Corruptions . | . . . Robots Melted . | . . . Combat Hostiles . | . . . Parts Melted . | . . . Heat Transferred 74 | 74 . . Parts Sabotaged . | . . . Parts Stolen . | . . . Parts Stripped . | . . . Power Chain Reactions . | . . . Alert | -11 -10 -10 ------- Run | Yrd Mat Sub Peak Influence 106 | 10 106 . Initial 6 | . 6 . Average 31 | 1 34 . Maximum Alert Level . | . . . Low Security (%) 100 | 100 100 . Level 1 . | . . . Level 2 . | . . . Level 3 . | . . . Level 4 . | . . . Level 5 . | . . . High Security . | . . . Max Security . | . . . Squads Dispatched . | . . . Investigation . | . . . Extermination . | . . . Reinforcement . | . . . Assault . | . . . Garrison . | . . . Intercept . | . . . Searches Triggered . | . . . Construction Impeded . | . . . Haulers Reinforced . | . . . Active Scanning Responses . | . . . Cargo Convoy Interrupts . | . . . Stealth | -11 -10 -10 --------- Run | Yrd Mat Sub Distress Signals . | . . . Communications Jammed . | . . . Distress Signals . | . . . Times Spotted 18 | . 7 11 Peak Tracking Total 2 | . 2 2 Tactical Retreats . | . . . Traps | -11 -10 -10 ------- Run | Yrd Mat Sub Traps Triggered 1 | . . 1 Indirectly . | . . . Trap Hack Attempts . | . . . Triggered . | . . . Disarmed . | . . . Reprogrammed . | . . . Reused . | . . . Traps Extracted . | . . . Installed . | . . . Triggered . | . . . Machines | -11 -10 -10 ---------- Run | Yrd Mat Sub Machines Disabled 1 | . . 1 Max in Single Turn 1 | . . 1 Machines Repaired . | . . . Machines Dismantled . | . . . Machines Sabotaged . | . . . Overloaded Fab Kills . | . . . Hacking | -11 -10 -10 --------- Run | Yrd Mat Sub Machines Accessed 4 | . 3 1 Terminals 3 | . 3 . Fabricators . | . . . Repair Stations . | . . . Recycling Units . | . . . Scanalyzers . | . . . Garrison Access . | . . . Total Hacks 7 | . 6 1 Successful 4 | . 3 1 Failed 3 | . 3 . Catastrophic . | . . . Database Lockouts . | . . . Manual 6 | . 6 . Terminals 6 | . 6 . Fabricators . | . . . Repair Stations . | . . . Recycling Units . | . . . Scanalyzers . | . . . Garrison Access . | . . . Terminal Hacks 1 | . . 1 Derelict Proto ID Bank 1 | . . 1 Fabricator Hacks . | . . . Repair Station Hacks . | . . . Recycling Unit Hacks . | . . . Scanalyzer . | . . . Garrison Access Hacks . | . . . Unauthorized Hacks 3 | . 3 . Terminals 3 | . 3 . Botnet 3 | . 3 . Fabricators . | . . . Repair Stations . | . . . Recycling Units . | . . . Scanalyzers . | . . . Garrison Access . | . . . Data Cores Recovered . | . . . Used . | . . . Hacking Detections 2 | . 2 . Full Trace Events . | . . . Feedback Events . | . . . Feedback Blocked . | . . . Robot Schematics Acquired . | . . . Robots Built . | . . . Authchips . | . . . Time . | . . . Total Robot Build Rating . | . . . Part Schematics Acquired . | . . . Parts Built . | . . . Authchips . | . . . Time . | . . . Total Part Build Rating . | . . . Parts Repaired . | . . . Time . | . . . Parts Recycled . | . . . Recycled Matter . | . . . Retrieved Matter . | . . . Retrieved Components . | . . . Parts Scanalyzed . | . . . Part Schematics Acquired . | . . . Parts Damaged . | . . . Bothacking | -11 -10 -10 ------------ Run | Yrd Mat Sub Used RIF Installer . | . . . Robots Hacked . | . . . Non-combat . | . . . Combat . | . . . Robot Hacks Applied . | . . . Relay Couplers Released . | . . . Fabnet Peak Effective % . | . . . Robots Rewired . | . . . Allies Hacked . | . . . Hacks Repelled . | . . . Allies | -11 -10 -10 -------- Run | Yrd Mat Sub Total Allies . | . . . Largest Group . | . . . Highest-Rated Group . | . . . Highest-Rated Ally . | . . . Total Orders . | . . . Ally Attacks . | . . . Total Damage . | . . . Kills . | . . . Allies Corrupted . | . . . Allies Melted . | . . . Intel | -11 -10 -10 ------- Run | Yrd Mat Sub Robot Analysis Total . | . . . Derelict Logs Recovered . | . . . Drone Launches . | . . . Drone Recoveries . | . . . Exploration | -11 -10 -10 ------------- Run | Yrd Mat Sub Turns Passed 2974 | 99 1132 1743 Spaces Moved 1325 | 48 327 950 Core 3 | 3 . . Treads 1322 | 45 327 950 Legs . | . . . Wheels . | . . . Hover . | . . . Flight . | . . . Fastest Speed 50 | 50 160 160 Average Speed 159 | 153 160 160 Slowest Speed 160 | 160 160 160 Overloaded Moves . | . . . Propulsion Burnouts . | . . . Robots Hopped . | . . . Cave-ins Triggered . | . . . Exploration Rate (%) 42 | 4 54 70 Regions Visited 2 Branch Regions 1 Pre-discovered Areas . | . . . Known Exits Taken . | . . . Unknown Exits Taken 2 | 1 1 . Scrap Searched . | . . . Spaces Dug . | . . . Terrain Destroyed 5 | . . 5 Melee . | . . . Projectile 1 | . . 1 AOE 4 | . . 4 Terrain Rammed . | . . . Walls Destroyed . | . . . Machines Disabled . | . . . Actions | -11 -10 -10 --------- Run | Yrd Mat Sub Total 2030 | 66 881 1083 Wait 565 | . 508 57 Move 1323 | 47 326 950 Hop . | . . . Pick Up 21 | 10 5 6 Fast Attach 7 | 4 3 . Attach 7 | 2 . 5 Detach . | . . . Swap 12 | . 3 9 Drop 10 | . 8 2 Fire 85 | 3 28 54 Melee . | . . . Ram . | . . . Kick . | . . . Crush . | . . . Escape Stasis . | . . . Rewire . | . . . Trap . | . . . Miscellaneous . | . . . Route ------- -11/Scrapyard -10/Materials (discovered 4 exits: [*Mat x2] / [*Min] / *Sub) -10/Subcaves (discovered 3 exits: [*Mat x2] / [*Rec]) History --------- Turn | Location | Event 39 | -11/Scrapyard | Discovered new exit (range 16) 100 | -11/Scrapyard | Entered Materials 279 | -10/Materials | Discovered new exit (range 5) 301 | -10/Materials | Build established: Mutant 520 | -10/Materials | Discovered new exit (range 16) 666 | -10/Materials | Discovered new exit (range 9) 1208 | -10/Materials | Discovered new exit (range 9) 1232 | -10/Materials | Entered Subcaves 1291 | -10/Subcaves | Shifting Twisted Machinery released Sub. Machine Gun 1294 | -10/Subcaves | Shifting Twisted Machinery released Battle Cannon 1451 | -10/Subcaves | Discovered new exit (range 8) 1488 | -10/Subcaves | Discovered new exit (range 10) 1779 | -10/Subcaves | Discovered new exit (range 12) 2082 | -10/Subcaves | Visited 4L-MR0's lab 2100 | -10/Subcaves | Found Cargo Legs 2251 | -10/Subcaves | Ambushed by Subdwellers from Twisted Machinery 2284 | -10/Subcaves | Core integrity fell below 50% 2667 | -10/Subcaves | A swath of the cavern ceiling suddenly collapsed 2859 | -10/Subcaves | Shifting Twisted Machinery released Mak. Sword 2861 | -10/Subcaves | Shifting Twisted Machinery released Flamer 2972 | -10/Subcaves | Core integrity fell below 20% 2975 | -10/Subcaves | Destroyed by X3-OGY(R) with Subdweller Laser Last Messages --------------- 02294_ Acquired 10 matter. 02299_ Acquired Sub. Power Source. 02585_ Acquired 14 matter. 02597_ Acquired 9 matter. A swath of the cavern ceiling suddenly collapses. Mak. Sword falls loose from the Twisted Machinery. Flamer falls loose from the Twisted Machinery. 02863_ 1V-CUC(R): "OHNO!" 02866_ Subatomizers dissect the Sub. Beam Cannon. 02879_ Imp. Assault Rifle destroyed. 02890_ Subatomizers dissect the Sub. Beam Cannon, destroying it. 02890_ 1V-CUC(R) destroyed. 02901_ Acquired 33 matter. 02902_ Acquired 22 matter. 02923_ Acquired Mak. Sword. 02940_ Acquired Sub. Monowheel. 02941_ Acquired 8 matter. 02969_ 03-02M(R) Sub. Optics blasted off. Map ----- +----------------------------------------------------+ | # #??????????????????????????????????????????? | | # #??????????????????????????????????????????? | | ## #??????????????????????????????????????????? | | ?## ##?????????????????????????????????????????? | | ??# #?????????????????????????????????????????? | | ??# ##?????????????????????????????????????????? | | ??# ###??????????????????????????????????????????? | | ??# ##???????????????????????????????????????????? | | ?## #?????????????????? ????????????????????????? | | ?# #??##?????????????? ??????????????????????? | | ?## #### #???????????## ???????????????????? | | ?# #?????####### ???????????????????? | | ?##### #????## "# RR#???????????????????? | | ?????# #???## ##??????????????????? | | ????## ##??# #??????????????????? | | ????# #??# #?####??????????????? | | ????## ##??# ## ###????????????? | | ????## #??## ? ?????????????? | | ????# ##?# #??# #??????????????? | | ????# #?# ##### #???????????????? | | ????# ### ## #????????????????? | | ????## ### #????????????????? | | ????## #]&* ##???????????????? | | ????# ##% """"" ##??????????????? | | ????# ""! " " " #?????????????? | | ????# " |""" @ ### ????????## | | ????## ## " ### #???????????#####??## | | ?????# ###""#####?##" ####???????????? #?# | | ?????# "#?#" #??????####???????????????? ?## | | ?????# "##"" #???????????????????#??????# ??# | | ?????# ###"""#???????????????????? ??### ??## | | ?????# ##?""""#????????????????????# # # ##### | | ?????####???? ??????????????????##??# %# | | ????????????????????????????????## ?????## %= | | ???????????????????????????????## ##?## | | ??????????????????????????????# ## % %! | | ?????????????????????????????? ## | | ?????????????????????????????? ##" | | ?????????????????????????????????# ### | | ?????????????????????????????????### ## #?# | | ???????????????????????????????????###???# ##?#" | | ?????????????????????????????????????????# #??#" | | ????????????????????????????????????????## ##?#" | | ????????????????????????????????????????# #### | | ????????????????????????????????????????# ##? | | ????????????????????????????????????????## #? | | ?????????????????????????????????????????## ## | | ??????????????????????????????????????????# | | # ????????????????????????????????????????# | | # ???????????????????????????????????????##" | +----------------------------------------------------+ Best States ------------- Heat Dissipation 25 Energy Generation 10 Energy Capacity 250 Matter Stores 300 Matter Capacity 300 Sight Range 16 Terrain Scan Density 10 Evasion (%) 40 Targeting Accuracy 6 Recoil Reduction 2 Item Schematics ----------------- None Robot Schematics ------------------ None Fabricated ------------ Nothing Alien Tech Used ----------------- None Achievements -------------- None Challenges ------------ None Game ------ Seed HypervelocityMagneticSystem Manual? 0 Play Time 00:15:03 Cumulative 116.5 hours Start 2024.12.07 @ 22:34:47 End 2024.12.07 @ 22:48:59 Sessions 1 Manual Loads 0 Difficulty Rogue Special Mode None Game No. 118 Rogue 118 Adventurer 0 Explorer 0 Win Type - Total 1 Types 1/0/0/0/0/0/0/0/0 Lore% 20 Gallery% 46 Achievement% 41 Wizard Run 0 Options --------- Layout 2 ASCII 0 Keyboard 0 Movement Mouse Keybinds 0 Fullscreen 2 Font 16/SmallcapsGlow Map View 55x47 Zoom Use 25% Tactical HUD 1 Map Filters NONE Filters NONE Steam 1 RUN: 34a220b6-1b6a-4a4a-b59e-37c5b55ebbfc